 Dungeon Crawl Stone Soup version 0.27-a0-1149-g4505690ab0 (webtiles) character file.

Game seed: 2470993373033537777

103 wakim the Sneak (level 5, -3/31 HPs)
             Began as a Kobold Brigand on May 13, 2021.
             Killed by nerve-wracking pain
             ... invoked by an orc priest
              (12 damage)
             ... on level 3 of the Dungeon.
             The game lasted 00:06:35 (2557 turns).

wakim the Sneak (Kobold Brigand)                    Turns: 2557, Time: 00:06:35

Health: -3/31      AC:  3    Str:  9    XL:     5   Next: 6%
Magic:  5/5        EV: 15    Int: 12    God:
Gold:   156        SH:  0    Dex: 17    Spells: 4/4 levels left

rFire    . . .     SeeInvis +   a - +2 dagger
rCold    . . .     Faith    .   (shield restricted)
rNeg     . . .     Spirit   .   b - +0 robe
rPois    .         Reflect  .   (no helmet)
rElec    .         Harm     .   c - +0 cloak
rCorr    .         Rampage  .   (no gloves)
Will     .....                  (no boots)
Stlth    ++++......             (no amulet)
HPRegen  0.10/turn              p - ring of see invisible
MPRegen  0.09/turn              (no ring)

@: no status effects
A: small, no large weapons, nightstalker 3
a: no special abilities


You were on level 3 of the Dungeon.
You visited 1 branch of the dungeon, and saw 3 of its levels.

You collected 156 gold pieces.

Inventory:

Hand Weapons
 a - a +2 dagger (weapon)
Missiles
 d - 40 poisoned darts (quivered)
 e - 2 curare-tipped darts {=f}
Armour
 b - a +0 robe (worn)
 c - a +0 cloak (worn)
Jewellery
 p - a ring of see invisible (left hand)
Scrolls
 g - 3 scrolls of identify {unknown}
 h - a scroll of teleportation {unknown}
 k - 2 scrolls of fear {unknown}
 l - 2 scrolls of amnesia {unknown}
 m - a scroll of enchant armour {unknown}
 o - a scroll of magic mapping {unknown}
 q - a scroll of torment {unknown}
Potions
 f - a potion of haste {unknown}
 i - a potion of magic {unknown}
 j - a potion of might {unknown}
 n - a potion of brilliance {unknown}


   Skills:
 + Level 2.7 Fighting
 * Level 3.8 Short Blades
 + Level 2.6 Throwing
 * Level 2.9 Dodging
 * Level 6.2 Stealth


You had 4 spell levels left.
You didn't know any spells.
Your spell library was empty.

Dungeon Overview and Level Annotations

Branches:
Dungeon (3/15)

Altars:
Trog

Annotations:
D:3 1 transporter, Robin


Innate Abilities, Weirdness & Mutations

You are small and have problems with some larger weapons.
You are completely attuned to the shadows.


Message History

The orc hits you but does no damage.
You hit the orc.
You kill the orc!
You hit the orc priest but do no damage.
The orc priest hits you with a +0 club.
* * * LOW HITPOINT WARNING * * *
You hit the orc priest.
The orc priest is moderately wounded.
The orc priest closely misses you.
You barely miss the orc priest.
The orc priest is moderately wounded.
You hit the orc priest but do no damage.
The orc priest is moderately wounded.
The orc priest miscasts a cantrip.
An orc wizard comes into view. It is wielding a +0 club.
The orc wizard shouts!
You hit the orc priest but do no damage.
The orc priest is moderately wounded.
The orc priest mumbles some strange prayers to Beogh against you.
Pain shoots through your body!
* * * LOW HITPOINT WARNING * * *
You hit the orc priest but do no damage.
The orc priest is moderately wounded.
The orc priest hits you with a +0 club.
* * * LOW HITPOINT WARNING * * *
You hit the orc priest but do no damage.
The orc priest is moderately wounded.
The orc priest completely misses you.
You hit the orc priest.
The orc priest is heavily wounded.
The orc wizard casts a spell at itself.
The orc wizard flickers and vanishes for a moment.
You barely miss the orc priest.
The orc priest is heavily wounded.
The orc priest barely misses you.
You barely miss the orc priest.
The orc priest is heavily wounded.
The orc priest invokes the aid of Beogh against you.
Pain shoots through your body!
You die...

#.##.#
#..##.#.>...#
#)##.#
#..###.##....
#)##.. ....#
######<# #.####
####+## ###.#
#)## ##...#
#.... #..##
##..... #.#..
##..## ##......
#.#..
##...####.......
#.#..
#......@oo......
....
##...####..§....
#.... #..##
#.≈≈≈§≈≈ ####.
#.## #.≈≈≈§≈§ #.
#.# #.≈≈_§ #. ##


You could see an orc priest and an orc wizard (invisible).

Vanquished Creatures
  2 adders
  A worm (D:3)
  3 dart slugs (D:3)
  An orc (D:3)
  5 ball pythons
  5 bats
  3 endoplasms (D:3)
  3 giant cockroaches (D:1)
  10 goblins
  6 hobgoblins
  10 jackals
  3 quokkas
  5 frilled lizards
  3 kobolds
  10 rats
70 creatures vanquished.

Vanquished Creatures (others)
  6 plants (D:1)
  4 toadstools (D:1)
10 creatures vanquished.

Grand Total: 80 creatures vanquished

Notes
Turn   | Place    | Note
-------+----------+-------------------------------------------
     0 | D:1      | wakim the Kobold Brigand began the quest for the Orb.
     0 | D:1      | Reached XP level 1. HP: 12/12 MP: 1/1
    70 | D:1      | Found a faded altar of an unknown god.
    99 | D:1      | Reached XP level 2. HP: 17/17 MP: 2/2
   288 | D:1      | Reached XP level 3. HP: 13/22 MP: 3/3
  1587 | D:2      | Reached XP level 4. HP: 21/27 MP: 4/4
  1789 | D:3      | Reached skill level 6 in Stealth
  1898 | D:3      | Found a transporter.
  2382 | D:3      | Noticed Robin
  2430 | D:3      | Reached XP level 5. HP: 24/31 MP: 5/5
  2512 | D:3      | Found a bloodstained altar of Trog.
  2557 | D:3      | Killed from afar by an orc priest

Illustrated notes

Levels and vault maps discovered:
D:1:      dpeg_arrival_arbitrary_c, layout_rooms,
          hellmonk_ecumenical_altar_arch_garden, serial_forest,
          infiniplex_forest_end_1, infiniplex_forest_clump_medium,
          infiniplex_forest_clump_tiny, infiniplex_forest_side_room,
          infiniplex_forest_corner_2, minmay_gold_behind_fungi,
          grunt_decor_arrowhead
D:2:      layout_basic
D:3:      layout_loops_corners, lemuel_doored_altar, general_overflow_altar,
          gammafunk_ghost_mausoleum, uniq_robin

Skill      XL: |  1  2  3  4 |
---------------+-------------+-----
Short Blades   | 3 |  3.8
Dodging        | 2 |  2.9
Stealth        | 6 |  6.2
Fighting       | |  2.7
Throwing       | |  2.6

Action                   |  1- 3 |  4- 6 || total
-------------------------+-------+-------++-------
Melee: Dagger            |   136 |   101 ||   237
 Stab: Sleeping          |    22 |     8 ||    30
       Distracted        |       |     1 ||     1
Armor: Robe              |    32 |     9 ||    41
Dodge: Dodged            |    86 |    47 ||   133

Table legend: (Time is in decaauts)
 A = Elapsed time spent in this place.
 B = Non-inter-level travel time spent in this place.
 C = Inter-level travel time spent in this place.
 D = Time resting spent in this place.
 E = Time spent auto-exploring this place.
 F = Levels seen in this place.
 G = Mean time per level.
                   A        B        C        D        E       F      G
               +--------+--------+--------+--------+--------+-----+--------+
         Total |   2516 |   2413 |    103 |     58 |   1857 |   3 |  838.7 |
       Dungeon |   2516 |   2413 |    103 |     58 |   1857 |   3 |  838.7 |
               +--------+--------+--------+--------+--------+-----+--------+

Top non-repeatable levels by time:
     D:1: 1070 daAuts
     D:3: 761 daAuts
     D:2: 684 daAuts
